 Dungeon Crawl Stone Soup version 0.31-a0-675-g238779eb0a (webtiles) character file.

Game seed: 3031443982925991158

21 lunkers the Ruffian (level 3, 0/28 HPs)
             Began as a Meteoran Shapeshifter on Sept 5, 2023.
             Slain by a hobgoblin (4 damage)
             ... on level 1 of the Dungeon.
             The game lasted 00:00:47 (296 turns).

lunkers the Ruffian (Meteoran Shapeshifter)          Turns: 296, Time: 00:00:48

Health: 0/28       AC:  2    Str: 16    XL:     3   Next: 20%
Magic:  4/4        EV: 12    Int: 11    God:
Gold:   8          SH:  0    Dex: 15    Spells: 2/2 levels left

rFire   . .          .
                       - Unarmed
rCold   . . .        (no shield)
rNeg    . . .        a - +0 animal skin
rPois   .            (helmet currently unavailable)
rElec   .            (cloak currently unavailable)
rCorr   .            (gloves currently unavailable)
SInv    .            (boots currently unavailable)
Will    .....        (no amulet)
Stlth   +            (no ring)
HPRegen 0.24/turn    (no ring)
MPRegen 0.09/turn

%: no passive effects
@: beast-form, glowing
A: beast (slay +2), sense surroundings 1, otherworldly, glowing, explore regen
a: Begin Untransformation


You were on level 1 of the Dungeon.
You were a hulking beast.
You visited 1 branch of the dungeon, and saw 1 of its levels.

You collected 8 gold pieces.

Inventory:

Armour
 a - a +0 animal skin (worn)
 f - a +0 pair of gloves
Talismans
 c - a beast talisman (active)
 d - a flux talisman
Scrolls
 e - a scroll of fog {unknown}
Potions
 b - a potion of lignification


   Skills:
 - Level 1.1 Fighting
 - Level 2.1 Dodging
 * Level 4.5 Unarmed Combat
 + Level 4.0 Shapeshifting


You had 2 spell levels left.
You didn't know any spells.
Your spell library was empty.

Dungeon Overview and Level Annotations

Branches:
Dungeon (1/15) Zot: 302

Altars:


Innate Abilities, Weirdness & Mutations

You are a hulking beast.
Your limbs bulge with bestial killing power. (Slay +2)
You passively map a small area around you.
You are easily found by Zot.
You glow in the dark.
You regain HP and MP as you explore.


Message History

The ball python constricts you.
You hit the ball python.
The ball python is severely wounded.
A quokka comes into view.
The ball python bites you. The ball python constricts you.
You hit the ball python.
You kill the ball python!
Found 10 stones, 13 gold pieces and a club.
The hobgoblin closely misses you. The goblin hits you but does no damage.
You see here a ball python corpse.
You closely miss the goblin. The hobgoblin closely misses you.
The hobgoblin hits you but does no damage.
The goblin closely misses you.
You closely miss the goblin. The hobgoblin hits you. The hobgoblin misses you.
The goblin hits you with a +0 dagger.
* * * LOW HITPOINT WARNING * * *
You hit the hobgoblin.
The hobgoblin is heavily wounded.
The hobgoblin hits you.
* * * LOW HITPOINT WARNING * * *
The goblin hits you with a +0 dagger.
* * * LOW HITPOINT WARNING * * *
The hobgoblin closely misses you.
You see here a ball python corpse.
You hit the hobgoblin.
You kill the hobgoblin!
The goblin hits you with a +0 dagger.
* * * LOW HITPOINT WARNING * * *
The hobgoblin hits you but does no damage.
The quokka closely misses you.
Your Shapeshifting skill increases to level 4!
You hit the goblin.
You kill the goblin!
The hobgoblin hits you but does no damage.
The quokka bites you.
* * * LOW HITPOINT WARNING * * *
You hit the hobgoblin.
The hobgoblin is moderately wounded.
The quokka closely misses you. The hobgoblin hits you.
You die...

, , #........(.... ,
#............. *
#.............,,
#............. ,
#........... , ###*
#)$(..... ### ~ ~ ...##*
#..)gr# ##.######## ~
~..[.# ###h# ##.#.##....#
~
~~~~..###..†###.#####....#
≈≈≈≈~≈≈≈~~..#..####.##
#....# ≈≈≈≈≈≈≈≈≈~~.>.##
#..# *....#
≈≈≈≈≈≈≈≈≈~~..## ##.# * ...
≈≈≈≈ ≈≈≈≈≈~~.#######.##
#.#*
~≈#####≈≈≈~~..........##
#.#
~##...##≈≈~~..######...#
#†# .#.....#≈≈≈≈~.# #.#.#
#.#


You could see a quokka and a hobgoblin.

Vanquished Creatures
  A dart slug (D:1)
  5 ball pythons (D:1)
  3 endoplasms (D:1)
  A giant cockroach (D:1)
  A goblin (D:1)
  A hobgoblin (D:1)
  2 kobolds (D:1)
  3 rats (D:1)
17 creatures vanquished.

Notes
Turn   | Place    | Note
-------+----------+-------------------------------------------
     0 | D:1      | lunkers the Meteoran Shapeshifter began the quest for the
                  | Orb.
     0 | D:1      | Reached XP level 1. HP: 16/16 MP: 2/2
   105 | D:1      | Reached XP level 2. HP: 23/23 MP: 3/3
   248 | D:1      | Reached XP level 3. HP: 20/28 MP: 4/4
   296 | D:1      | Slain by a hobgoblin

Illustrated notes

Levels and vault maps discovered:
D:1:      minmay_arrival_shoal_huts, layout_rooms, amethyst_killhole

Skill      XL: |  1  2  3 |
---------------+----------+-----
Unarmed Combat | 4 |  4.5
Shapeshifting  | 4 |  4.0
Fighting       | |  1.1
Dodging        | |  2.1

Action                     || total
---------------------------++-------
  Melee: Unarmed           ||    46
         Punch             ||     2
 Armour: Animal skin       ||    30
  Dodge: Dodged            ||    18

Table legend: (Time is in decaauts)
 A = Elapsed time spent in this place.
 B = Non-inter-level travel time spent in this place.
 C = Inter-level travel time spent in this place.
 D = Time resting spent in this place.
 E = Time spent auto-exploring this place.
 F = Levels seen in this place.
 G = Mean time per level.
                   A        B        C        D        E       F      G
               +--------+--------+--------+--------+--------+-----+--------+
         Total |    296 |    296 |      0 |      0 |    196 |   1 |  296.0 |
       Dungeon |    296 |    296 |      0 |      0 |    196 |   1 |  296.0 |
               +--------+--------+--------+--------+--------+-----+--------+

Top non-repeatable levels by time:
     D:1: 296 daAuts
